 Dungeon Crawl Stone Soup version 0.31-a0-360-gb3e1d13bf4 (webtiles) character file.

Game seed: 12959019686062279017

2339 randomguy2701 the Cleaver (level 9, -6/79 HPs)
             Began as a Minotaur Fighter on July 27, 2023.
             Was an Initiate of Ashenzari.
             Killed from afar by Maggie (14 damage)
             ... with a bolt of fire
             ... on level 6 of the Dungeon.
             The game lasted 00:07:29 (5632 turns).

randomguy2701 the Cleaver (Minotaur Fighter)        Turns: 5632, Time: 00:07:29

Health: -6/79      AC:  8    Str: 22    XL:     9   Next: 19%
Magic:  2/2        EV: 11    Int:  5    God:    Ashenzari [......]
Gold:   293        SH:  6    Dex: 19    Spells: 8/8 levels left

rFire   . . .        y - +2 hand axe (antimagic)
rCold   . . .        c - +0 buckler
rNeg    . . .        b - +0 scale mail
rPois   .            (helmet restricted)
rElec   .            (no cloak)
rCorr   .            (no gloves)
SInv    .            (no boots)
Will    .....        (no amulet) Stlth
                     p - +6 ring of dexterity
HPRegen 0.33/turn    (no ring)
MPRegen 0.08/turn

%: no passive effects
@: mesmerised
A: horns 2, retaliatory headbutt
a: Renounce Religion, Curse Item


You were on level 6 of the Dungeon.
You worshipped Ashenzari.
Ashenzari was noncommittal.
You visited 1 branch of the dungeon, and saw 7 of its levels.

You collected 338 gold pieces.
You spent 45 gold pieces at shops.

Inventory:

Hand Weapons
 a - a +0 war axe
 y - a +2 antimagic hand axe (weapon)
Armour
 b - a +0 scale mail (worn)
 c - a +0 buckler (worn)
Jewellery
 p - a +6 ring of dexterity (left hand)
Wands
 v - a wand of polymorph (5)
Scrolls
 e - 3 scrolls of identify {unknown}
 f - 3 scrolls of revelation {unknown}
 g - 2 scrolls of fog {unknown}
 i - a scroll of noise {unknown}
 j - a scroll of blinking {unknown}
 m - a scroll of enchant armour {unknown}
 o - 3 scrolls of vulnerability {unknown}
 r - a scroll of brand weapon {unknown}
 s - a scroll of butterflies {unknown}
 t - 4 scrolls of teleportation {unknown}
Potions
 d - a potion of might
 h - 4 potions of curing
 k - a potion of enlightenment {unknown}
 l - a potion of magic {unknown}
 n - a potion of brilliance {unknown}
 q - a potion of invisibility {unknown}
 u - 2 potions of haste {unknown}
 w - 3 potions of attraction {unknown}
 x - a potion of mutation {unknown}
 z - 2 potions of cancellation {unknown}
 A - 2 potions of berserk rage {unknown}


   Skills:
 + Level 7.3 Fighting
 + Level 9.8 Axes
 + Level 8.4 Armour
 + Level 2.9 Dodging
 + Level 0.5 Stealth
 + Level 5.3 Shields


You had 8 spell levels left.
You didn't know any spells.
Your spell library contained the following spells:

 Spells                   Type           Power      Damage    Failure   Level
 Inner Flame              Hex/Fire       0%         N/A       99%         3
 Animate Dead             Necr           0%         N/A       100%        4
 Flame Wave               Conj/Fire      0%         2d4       100%        4
 Sticky Flame             Conj/Fire      0%         2d3       100%        4
 Haunt                    Necr/Summ      0%         N/A       100%        7
 Infestation              Necr           0%         N/A       100%        8


Dungeon Overview and Level Annotations

Branches:
Dungeon (7/15)             Temple (0/1) D:7

Altars:
Ashenzari
Cheibriados
Nemelex Xobeh
Okawaru
Wu Jian

Shops:
D:2 ((   D:6 !

Annotations:
D:6 Maggie


Innate Abilities, Weirdness & Mutations

You have a pair of horns on your head.
You reflexively headbutt those who attack you in melee.


Message History

You blink.
Found 12 gold pieces.
Maggie's magic is no longer disrupted.
Maggie mutters to herself, "Master Lance won't take me back.
This is the way forward."
Maggie gestures wildly while chanting.
Maggie attempts to bespell you!
You are mesmerised by Maggie!
You hit Maggie.
Maggie's magic leaks into the air.
You headbutt Maggie.
Maggie is lightly wounded.
Maggie hits you with a +2 scimitar of distortion!
Space warps horribly around you!
You are too injured to fight recklessly!
You are too injured to fight recklessly!
You are too injured to fight recklessly!
You barely miss Maggie.
Maggie is lightly wounded.
You hit Maggie but do no damage.
Maggie is lightly wounded.
Maggie's magic is no longer disrupted.
Maggie barely misses you. You furiously retaliate!
You headbutt Maggie. You barely miss Maggie.
Maggie is moderately wounded.
Maggie gestures wildly while chanting.
Maggie draws you further into her thrall.
You hit Maggie.
Maggie's magic leaks into the air.
Your headbutt misses Maggie.
Maggie is moderately wounded.
Maggie hits you with a +2 scimitar of distortion.
Space warps around you.
* * * LOW HITPOINT WARNING * * *
You hit Maggie but do no damage.
Maggie is moderately wounded.
Maggie casts a spell at you. The bolt of fire hits you!
* * * LOW HITPOINT WARNING * * *
Unknown command.
You hit Maggie.
Maggie's magic leaks into the air.
You headbutt Maggie, but do no damage.
Maggie is moderately wounded.
Maggie points at you and mumbles some strange words.
The bolt of fire hits you!
You die...

.....
.......>#.##########
.####
#####..............#
.#
#................#
...
..####.#.........#
.#.#
##....#.........# .
.#
##.....###.####### .
#.......##...#
#.....>.####.#
#.......@@...#
#......######
#......# #.......#
#.$.....# #.......#
##.....## ##...##
####


You could see Maggie (mesmerising, magic disrupted).

Vanquished Creatures
  Grinder (D:6)
  Prince Ribbit (D:6)
  Menkaure (D:6)
  2 orc warriors
  A sky beast (D:6)
  2 black bears
  A centaur (D:6)
  2 ogres (D:5)
  A phantom (D:4)
  A bullfrog (D:6)
  2 scorpions
  A gnoll sergeant (D:7)
  A howler monkey (D:5)
  3 orc priests
  4 jellies
  2 iguanas (D:4)
  4 sleepcaps
  2 orc wizards
  Robin (D:2)
  11 adders
  11 gnolls
  A shadow imp (D:7)
  A white imp (D:7)
  3 worms
  A dart slug (D:3)
  19 orcs
  10 endoplasms
  3 giant cockroaches
  13 goblins
  10 hobgoblins
  12 kobolds
  3 quokkas
  7 ball pythons
  A frilled lizard (D:1)
  7 rats
146 creatures vanquished.

Notes
Turn   | Place    | Note
-------+----------+-------------------------------------------
     0 | D:1      | randomguy2701 the Minotaur Fighter began the quest for the
                  | Orb.
     0 | D:1      | Reached XP level 1. HP: 19/19 MP: 0/0
   236 | D:1      | Reached XP level 2. HP: 27/27 MP: 1/1
   687 | D:2      | Noticed Robin
   697 | D:2      | Killed Robin
   700 | D:2      | Reached XP level 3. HP: 28/34 MP: 2/2
   718 | D:2      | Reached skill level 3 in Axes
   927 | D:2      | Found Onna Ter's Weapon Shop.
  1077 | D:2      | Found Soxzuise's Weapon Shoppe.
  1448 | D:3      | Reached XP level 4. HP: 39/41 MP: 3/3
  1557 | D:3      | Reached skill level 4 in Axes
  1700 | D:3      | Reached skill level 5 in Fighting
  1781 | D:3      | Reached XP level 5. HP: 41/48 MP: 4/4
  2252 | D:4      | Noticed a phantom
  2259 | D:4      | Reached skill level 5 in Axes
  2260 | D:4      | Killed a phantom
  2261 | D:4      | Reached XP level 6. HP: 46/56 MP: 5/5
  2462 | D:4      | Reached skill level 5 in Armour
  2469 | D:4      | Reached skill level 1 in Dodging
  2647 | D:4      | Reached skill level 6 in Axes
  2801 | D:4      | Found a broken altar of Ashenzari.
  3304 | D:4      | Reached XP level 7. HP: 41/61 MP: 6/6
  3510 | D:4      | Became a worshipper of Ashenzari the Shackled
  3523 | D:5      | Entered Level 5 of the Dungeon
  3652 | D:5      | Identified the +1 leather armour of the Three Tales {Str+7}
  3839 | D:5      | Reached skill level 7 in Axes
  4158 | D:5      | Reached XP level 8. HP: 61/70 MP: 7/7
  4293 | D:5      | You fall into a shaft and drop 2 floors!
  4648 | D:7      | Found a staircase to the Ecumenical Temple.
  4862 | D:6      | Noticed Grinder
  4864 | D:6      | Paralysed by Grinder for 4 turns
  4878 | D:6      | Killed Grinder
  4879 | D:6      | Reached skill level 8 in Axes
  4942 | D:6      | Found Vysur's Distillery.
  4957 | D:6      | Noticed Prince Ribbit
  4964 | D:6      | Killed Prince Ribbit
  4965 | D:6      | Reached skill level 9 in Axes
  4970 | D:6      | Noticed Menkaure
  5007 | D:6      | Reached skill level 5 in Shields
  5017 | D:6      | Killed Menkaure
  5018 | D:6      | Reached XP level 9. HP: 9/79 MP: 2/8
  5333 | D:6      | Bought a potion of curing for 45 gold pieces
  5336 | D:6      | Found an iron altar of Okawaru.
  5360 | D:6      | Found a snail-covered altar of Cheibriados.
  5365 | D:6      | Found a sparkling altar of Nemelex Xobeh.
  5369 | D:6      | Found an ornate altar of the Wu Jian Council.
  5621 | D:6      | Noticed Maggie
  5632 | D:6      | Killed from afar by Maggie

Illustrated notes

Levels and vault maps discovered:
D:1:      minmay_arrival_five_plusses, layout_basic,
          nicolae_figureground_sparkle
D:2:      layout_loops_ring, serial_shops, nicolae_shop_bloodbath_and_beyond,
          nicolae_shop_trees, kennysheep_big_empty_room, uniq_robin
D:3:      layout_loops_ring, minmay_between
D:4:      cheibrodos_fertilizer, layout_cave_pools, lemuel_round_altar,
          minmay_misc_feat_rugged, kennysheep_generic_room_8
D:5:      layout_basic
D:6:      layout_rooms, nicolae_overflow_macrodata_refinement, serial_shops,
          shop, lightli_sewer_entry_pipes, nicolae_letterblocks
          [nicolae_letter_subblock, nicolae_letter_subblock,
          nicolae_letter_subblock, nicolae_letter_subblock,
          nicolae_letter_subblock, nicolae_letter_subblock,
          nicolae_letter_subblock, nicolae_letter_subblock,
          nicolae_letter_subblock, nicolae_letter_subblock,
          nicolae_letter_subblock, nicolae_letter_subblock,
          nicolae_letter_subblock, nicolae_letter_subblock,
          nicolae_letter_subblock, nicolae_letter_subblock,
          nicolae_letter_subblock, nicolae_letter_subblock,
          nicolae_letter_subblock, nicolae_letter_subblock,
          nicolae_letter_subblock, nicolae_letter_subblock,
          nicolae_letter_subblock, nicolae_letter_subblock,
          nicolae_letter_subblock], uniq_grinder, uniq_prince_ribbit1,
          uniq_menkaure, uniq_maggie
D:7:      black_bear_nest_1, layout_loops_ring, minmay_temple_entry_sparse_star,
          enter_bailey_6, serial_co_window_serial, co_window_corner_a,
          co_window_of_opportunity_a, co_window_paths_a, co_window_paths_a,
          co_window_corner_a, co_window_corner_a, co_window_corner_a,
          co_window_cross_2, co_window_broadway_b, co_window_of_opportunity_b,
          co_window_of_opportunity_c, glass_columns_a, uniq_joseph

Skill      XL: |  1  2  3  4  5  6  7  8 |
---------------+-------------------------+-----
Fighting       | 4 5 6 7 |  7.3
Armour         | 4 5 6 8 |  8.4
Axes           | 3 4 5 6 7 9 |  9.8
Shields        | 4 5 |  5.3
Dodging        | 1 2 |  2.9
Stealth        | |  0.5

Action                     |  1- 3 |  4- 6 |  7- 9 || total
---------------------------+-------+-------+-------++-------
  Melee: War axe           |    74 |   115 |   105 ||   294
         Headbutt          |     9 |    13 |    46 ||    68
         Hand axe          |       |       |   102 ||   102
 Armour: Scale mail        |    26 |    49 |    79 ||   154
  Dodge: Dodged            |    26 |    39 |    76 ||   141
  Block: Buckler           |    18 |    25 |    43 ||    86

Table legend: (Time is in decaauts)
 A = Elapsed time spent in this place.
 B = Non-inter-level travel time spent in this place.
 C = Inter-level travel time spent in this place.
 D = Time resting spent in this place.
 E = Time spent auto-exploring this place.
 F = Levels seen in this place.
 G = Mean time per level.
                   A        B        C        D        E       F      G
               +--------+--------+--------+--------+--------+-----+--------+
         Total |   5695 |   5583 |    112 |    173 |   4542 |   7 |  813.6 |
       Dungeon |   5695 |   5583 |    112 |    173 |   4542 |   7 |  813.6 |
               +--------+--------+--------+--------+--------+-----+--------+

Top non-repeatable levels by time:
     D:4: 1295 daAuts
     D:6: 871 daAuts
     D:3: 849 daAuts
     D:5: 782 daAuts
     D:2: 744 daAuts
     D:1: 692 daAuts
     D:7: 458 daAuts
